 Dungeon Crawl Stone Soup version 0.28.0-43-g3370ac3207 (webtiles) character file.

Game seed: 13217018560804550148

124 DemonSlayer the Firebug (level 4, 0/31 HPs)
             Began as a Demonspawn Fire Elementalist on Mar 30, 2022.
             Slain by an orc
             ... wielding a +0 hand axe
              (4 damage)
             ... on level 2 of the Dungeon.
             The game lasted 00:04:22 (2439 turns).

DemonSlayer the Firebug (DsFE)                      Turns: 2439, Time: 00:04:23

Health: 0/31       AC:  3    Str:  9    XL:     4   Next: 81%
Magic:  6/8        EV: 11    Int: 18    God:
Gold:   94         SH:  0    Dex: 15    Spells: 2/8 levels left

rFire   . . .      SeeInvis .   d - +2 mace (drain)
rCold   . . .      Faith    .   (no shield)
rNeg    . . .      Spirit   .   i - +0 leather armour
rPois   .          Reflect  .   (no helmet)
rElec   .          Harm     .   (no cloak)
rCorr   +          Rampage  .   (no gloves)
Will    .....                   (no boots)
Stlth   +++.......              (no amulet)
HPRegen 0.10/turn               h - ring of resist corrosion
MPRegen 0.11/turn               (no ring)

@: no status effects
A: thin skeletal structure 1
a: no special abilities


You were on level 2 of the Dungeon.
You visited 1 branch of the dungeon, and saw 3 of its levels.

You collected 94 gold pieces.

Inventory:

Hand Weapons
 d - a +2 mace of draining (weapon)
Armour
 i - a +0 leather armour (worn)
Jewellery
 h - a ring of resist corrosion (left hand)
Scrolls
 c - a scroll of fog {unknown}
 g - 2 scrolls of identify {unknown}
 k - 2 scrolls of teleportation {unknown}
Potions
 a - a potion of curing {unknown}
 b - a potion of attraction {unknown}
 e - a potion of berserk rage {unknown}
 f - 3 potions of heal wounds {unknown}
 j - a potion of flight {unknown}
 l - a potion of might {unknown}
 m - a potion of invisibility {unknown}


   Skills:
 + Level 0.6 Fighting
 + Level 1.3 Maces & Flails
 + Level 0.6 Armour
 + Level 2.0 Dodging
 + Level 2.4 Stealth
 + Level 2.8 Spellcasting
 + Level 1.4 Conjurations
 + Level 3.3 Fire Magic


You had 2 spell levels left.
You knew the following spells:

 Your Spells              Type           Power      Damage    Failure   Level
a - Foxfire               Conj/Fire      44%        2x1d6     9%          1
b - Scorch                Fire           28%        2d6       9%          2
c - Conjure Flame         Conj/Fire      11%        6-21      26%         3

Your spell library contained the following spells:

 Spells                   Type           Power      Damage    Failure   Level
 Animate Skeleton         Necr           4%         N/A       22%         1
 Pain                     Necr           8%         1d4       22%         1
 Inner Flame              Hex/Fire       8%         N/A       34%         3
 Vampiric Draining        Necr           2%         2d6       56%         3
 Flame Wave               Conj/Fire      11%        2d5       63%         4


Dungeon Overview and Level Annotations

Branches:
Dungeon (3/15)

Altars:
Beogh


Innate Abilities, Weirdness & Mutations

You have a somewhat thin skeletal structure. (Dex +2, Stealth+)


Message History

The orc hits you with a +0 hand axe.
You hit the orc wizard. You drain the orc wizard.
You kill the orc wizard!
The orc hits you with a +0 hand axe.
You hear some strange, mumbled words.
Something tries to affect you, but you resist.
The orc hits you with a +0 hand axe.
Your Dodging skill increases to level 2!
You conjure some foxfire!
The foxfire hits something.
The orc closely misses you.
The orc hits your foxfire with a +0 hand axe.
You conjure some foxfire!
The foxfire hits the orc.
The orc is lightly wounded.
The orc closely misses you. The orc barely misses you.
The orc hits your foxfire with a +0 hand axe.
Flames lash something.
The foxfire hits the orc.
The orc is heavily wounded.
The foxfire hits something!
Reactivating autopickup.
You feel a bit more experienced. The orc hits you with a +0 hand axe.
You are too injured to fight recklessly!
Unknown command.
The orc misses you. The orc hits you but does no damage.
The orc hits you but does no damage. The orc closely misses you.
The orc closely misses you. The orc hits you but does no damage.
You barely miss the orc.
The orc is heavily wounded.
The orc barely misses you. The orc misses you.
There is a stone staircase leading up here.
The orc hits you with a +0 hand axe.
You climb upwards.
There is a stone staircase leading down here.
You hit the orc.
The orc is severely wounded.
The orc hits you with a +0 hand axe. x2
* * * LOW HITPOINT WARNING * * *
You closely miss the orc.
The orc is severely wounded.
The orc hits you with a +0 hand axe.
You die...

#...(# #.>.#####.#....#.#.#
#....# #...# #..###.......
#....####.## #.## #..#.#.#
#######.##...# #.# #(......
##.....#.....## #.# #.......
##.............#####.####.......
#.....................).#####.#.
#.............o.........####....
#..............@........##......
#......................)...###..
#.......................#### #..
##......................# ##.
##.....#.....#.........# ##
#############.........#
#.........# #.........#
###########


You could see an orc.

Vanquished Creatures
  2 orc wizards (D:3)
  2 adders (D:2)
  5 dart slugs
  An orc (D:3)
  6 ball pythons
  3 endoplasms
  2 giant cockroaches
  6 hobgoblins
  A kobold (D:3)
  2 quokkas (D:1)
  3 bats
  5 goblins
  6 rats (D:1)
44 creatures vanquished.

Vanquished Creatures (others)
  93 foxfires
93 creatures vanquished.

Grand Total: 137 creatures vanquished

Notes
Turn   | Place    | Note
-------+----------+-------------------------------------------
     0 | D:1      | DemonSlayer the Demonspawn Fire Elementalist began the
                  | quest for the Orb.
     0 | D:1      | Reached XP level 1. HP: 13/13 MP: 3/3
   399 | D:1      | Gained mutation: You have a somewhat thin skeletal
                  | structure. (Dex +2, Stealth+) [demonic ancestry]
   399 | D:1      | Reached XP level 2. HP: 17/19 MP: 0/5
   455 | D:1      | Reached skill level 3 in Fire Magic
   839 | D:1      | Found a faded altar of an unknown god.
   918 | D:1      | Reached XP level 3. HP: 6/24 MP: 4/6
   919 | D:1      | HP: 1/24 [hobgoblin (3)]
  1948 | D:2      | Reached skill level 1 in Maces & Flails
  2032 | D:2      | Reached XP level 4. HP: 31/31 MP: 2/8
  2244 | D:3      | Learned a level 2 spell: Scorch
  2248 | D:3      | Learned a level 3 spell: Conjure Flame
  2439 | D:2      | Slain by an orc

Illustrated notes

Levels and vault maps discovered:
D:1:      onia_arrival_pentagram, layout_basic,
          hellmonk_ecumenical_altar_defaced_shrine, minivault_27
D:2:      layout_rooms, corexii_item_surrounded_by_moat, glass_columns_c
D:3:      layout_basic, kennysheep_flooded_box, serial_park_tiny_2,
          uniq_terence, uniq_jessica

Skill      XL: |  1  2  3  4 |
---------------+-------------+-----
Fire Magic     | 3 |  3.3
Stealth        | 2 |  2.4
Maces & Flails | 1 |  1.3
Dodging        | 2 |  2.0
Fighting       | |  0.6
Armour         | |  0.6
Spellcasting   | |  2.8
Conjurations   | |  1.4

Action                   |  1- 3 |  4- 6 || total
-------------------------+-------+-------++-------
Melee: Mace              |    44 |    12 ||    56
       Punch             |     1 |       ||     1
 Cast: Foxfire           |    51 |     3 ||    54
       Scorch            |       |     1 ||     1
 Stab: Sleeping          |     2 |     2 ||     4
       Distracted        |       |     1 ||     1
Armor: Robe              |     6 |       ||     6
       Leather armour    |     5 |     5 ||    10
Dodge: Dodged            |    34 |     8 ||    42
